 Dungeon Crawl Stone Soup version 0.23.2-1-ga50397a (webtiles) character file.

Game seed: 14900584484717038864

114 xveg the Slasher (level 4, 0/41 HPs)
             Began as a Minotaur Berserker on May 7, 2019.
             Was a Believer of Trog.
             Killed by nerve-wracking pain
             ... invoked by Jessica
              (9 damage)
             ... on level 2 of the Dungeon.
             The game lasted 00:01:36 (933 turns).

xveg the Slasher (Minotaur Berserker)                Turns: 933, Time: 00:01:36

Health: 0/41       AC:  3    Str: 23    XL:     4   Next: 67%
Magic:  3/3        EV: 12    Int:  4    God:    Trog [**....]
Gold:   44         SH:  0    Dex:  9    Spells: 3/3 levels left

rFire    . . .     SeeInvis .   a - +0 falchion
rCold    . . .     Gourm    .   (no shield)
rNeg     . . .     Faith    .   h - +0 leather armour (curse)
rPois    .         Spirit   .   (helmet restricted)
rElec    .         Reflect  .   (no cloak)
rCorr    .         Harm     .   (no gloves)
MR       .....                  (no boots)
Stlth    +.........             (no amulet)
HPRegen  0.13/turn              (no ring)
MPRegen  0.08/turn              (no ring)

@: no status effects
A: retaliatory headbutt, horns 2
a: Berserk, Trog's Hand, Renounce Religion


You were on level 2 of the Dungeon.
You worshipped Trog.
Trog was pleased with you.
You were not hungry.

You visited 1 branch of the dungeon, and saw 2 of its levels.

You collected 44 gold pieces.

Inventory:

Hand Weapons
 a - a +0 falchion (weapon)
 f - a +0 hunting sling
Armour
 b - a +0 animal skin
 h - a cursed +0 leather armour (worn)
Scrolls
 d - 2 scrolls of identify {unknown}
 g - 3 scrolls of teleportation {unknown}
 i - a scroll of remove curse {unknown}
 j - a scroll of blinking {unknown}
Potions
 e - 2 potions of degeneration {unknown}
 k - a potion of mutation {unknown}
Comestibles
 c - 4 rations


   Skills:
 + Level 4.6 Fighting
 + Level 5.2 Long Blades
 * Level 2.6 Armour
 + Level 3.0 Dodging
 + Level 0.4 Stealth


You had 3 spell levels left.
You didn't know any spells.
Your spell library was empty.

Dungeon Overview and Level Annotations

Branches:
Dungeon (2/15)

Altars:

Annotations:
D:2 Jessica


Innate Abilities, Weirdness & Mutations

You reflexively headbutt those who attack you in melee.
You have a pair of horns on your head.


Message History

There are monsters nearby!
You are too injured to fight recklessly!
There are monsters nearby!
You are too injured to fight recklessly!
There are monsters nearby!
Jessica gestures wildly while chanting.
Jessica blinks!
As you open the door, it creaks loudly! Jessica casts a spell at you.
Pain shoots through your body!
There is an open door here.
Jessica gestures wildly while chanting.
Jessica blinks!
Jessica gestures at you while chanting. Pain shoots through your body!
* * * LOW HITPOINT WARNING * * *
There is an open door here.
Jessica gestures at you while chanting. Pain shoots through your body!
You die...

##.....#####.#.###...# ...
.......+.....#.......## #...
##.....#......# #....## #.(..
.......#......####.....#####.....
.......'.....@'@.................
#.#.##.#......##...............##
#...##.#......##...............#
######.#......##..)####........#
... ..........'@...# #........#
### #.#########....# #........#
.. #.# .......# ######.### # #.#
#######..# .# ... #.# # .# .. #.#


You could see Jessica.

Vanquished Creatures
  An ogre (D:2)
  A worm (D:2)
  A dart slug (D:1)
  2 leopard geckos (D:1)
  A ball python (D:1)
  2 giant cockroaches (D:2)
  4 goblins (D:1)
  2 hobgoblins
  3 kobolds (D:1)
  5 bats (D:1)
  2 frilled lizards (D:1)
  3 rats
27 creatures vanquished.

Notes
Turn   | Place    | Note
-------+----------+-------------------------------------------
     0 | D:1      | xveg the Minotaur Berserker began the quest for the Orb.
     0 | D:1      | Reached XP level 1. HP: 19/19 MP: 0/0
   167 | D:1      | Reached skill level 4 in Long Blades
   167 | D:1      | Reached XP level 2. HP: 21/27 MP: 1/1
   763 | D:2      | Reached ** piety under Trog
   765 | D:2      | Noticed an ogre
   772 | D:2      | Killed an ogre
   772 | D:2      | Reached skill level 5 in Long Blades
   772 | D:2      | Reached XP level 3. HP: 10/34 MP: 2/2
   772 | D:2      | Reached XP level 4. HP: 12/41 MP: 3/3
   909 | D:2      | Noticed Jessica
   933 | D:2      | Killed from afar by Jessica

Skill      XL: |  1  2  3  4 |
---------------+-------------+-----
Long Blades    | 4 5 |  5.2
Fighting       | 4 |  4.6
Dodging        | 3 |  3.0
Armour         | |  2.6
Stealth        | |  0.4

Action                   |  1- 3 |  4- 6 || total
-------------------------+-------+-------++-------
Melee: Falchion          |    36 |    12 ||    48
       Headbutt          |     5 |     4 ||     9
 Stab: Sleeping          |     1 |       ||     1
Armor: Animal skin       |    13 |       ||    13
       Leather armour    |       |     2 ||     2
Dodge: Dodged            |    32 |     3 ||    35
       Rpst.: Falchion   |     7 |       ||     7
